 Dungeon Crawl Stone Soup version 0.26.0-91-g99b343417d (webtiles) character file.

Game seed: 12837624319620514985

2483 jlumianski the Chopper (level 9, 0/80 HPs)
             Began as a Palentonga Fighter on Feb 3, 2021.
             Was an Initiate of Okawaru.
             Slain by a killer bee (1 damage)
             ... on level 6 of the Dungeon.
             The game lasted 00:29:06 (8550 turns).

jlumianski the Chopper (Palentonga Fighter)         Turns: 8550, Time: 00:29:07

Health: 0/80       AC: 23    Str: 23    XL:     9   Next: 27%
Magic:  9/9        EV:  7    Int:  8    God:    Okawaru [......]
Gold:   273        SH: 10    Dex: 10    Spells: 8/8 levels left

rFire    . . .     SeeInvis +   a - +0 war axe
rCold    . . .     Faith    .   c - +0 kite shield
rNeg     + . .     Spirit   .   B - +3 scale mail {rPois}
rPois    +         Reflect  .   A - +2 helmet
rElec    .         Harm     .   r - +0 cloak
rCorr    .         Rampage  .   t - +0 pair of gloves
Will     .....                  (no barding)
Stlth    ..........             E - amulet of inaccuracy
HPRegen  0.23/turn              I - ring of positive energy
MPRegen  0.11/turn              (no ring)

@: flying, curled up
A: large, rugged brown scales 3, see invisible, deformed body, roll 1, armoured
tail, reflexive curl
a: Rolling Charge, Renounce Religion


You were on level 6 of the Dungeon.
You worshipped Okawaru.
Okawaru was noncommittal.
You visited 2 branches of the dungeon, and saw 9 of its levels.

You collected 273 gold pieces.

Inventory:

Hand Weapons
 a - a +0 war axe (weapon)
 d - a +4 mace
 p - a -3 mace
 q - a +3 quarterstaff of chaos
 y - a +2 vampiric dagger
 z - a +0 mace of venom
 C - a +1 flail of holy wrath
 G - a +3 halberd of protection
 H - a cursed +3 mace of freezing
 J - a +4 mace of freezing
 K - a +1 short sword of electrocution
 P - a +2 spear of freezing
Missiles
 f - 16 poisoned darts (quivered)
 g - 8 boomerangs
 v - 142 stones
 D - a throwing net
Armour
 b - a +0 scale mail
 c - a +0 kite shield (worn)
 r - a +0 cloak (worn)
 t - a +0 pair of gloves (worn)
 A - a +2 helmet (worn)
 B - a +3 scale mail of poison resistance (worn)
 L - the +0 chain mail of Impatience {-Tele Int+4 Stlth+}
   (You found it on level 6 of the Dungeon)

   It affects your intelligence (+4).
   It prevents most forms of teleportation.
   It makes you more stealthy.
Magical Staves
 n - an uncursed staff of fire
Jewellery
 l - an uncursed amulet of magic regeneration
 E - an amulet of inaccuracy (around neck)
 I - a ring of positive energy (left hand)
Wands
 u - a wand of flame (20)
 M - a wand of disintegration (16)
Scrolls
 e - 3 scrolls of fog {unknown}
 h - 8 scrolls of remove curse
 i - 5 scrolls of amnesia {unknown}
 k - 10 scrolls of identify {unknown}
 m - a scroll of blinking {unknown}
 o - 3 scrolls of magic mapping {unknown}
 x - 2 scrolls of teleportation {unknown}
 F - a scroll of random uselessness {unknown}
 N - a scroll of silence {unknown}
Potions
 j - a potion of brilliance {unknown}
 Q - a potion of haste


   Skills:
 + Level 5.6 Fighting
 + Level 7.2 Axes
 + Level 0.1(4.4) Maces & Flails
 + Level 0.2 Throwing
 + Level 5.3 Armour
 + Level 2.8 Dodging
 + Level 0.5 Stealth
 + Level 5.6 Shields


You had 8 spell levels left.
You didn't know any spells.
Your spell library was empty.

Dungeon Overview and Level Annotations

Branches:
Dungeon (8/15)             Temple (1/1) D:6
   Lair: D:8-11

Altars:
Ashenzari
Dithmenos
Elyvilon
Fedhas
Kikubaaqudgha
Okawaru
Ru
Uskayaw
Zin
The Shining One

Annotations:
D:3 2 transporters, Hehehe's ghost, amateur DDFi


Innate Abilities, Weirdness & Mutations

You are completely covered in rugged brown scales. (AC +3, +7% HP)
You have supernaturally acute eyesight. (SInv)
Armour fits poorly on your strangely shaped body.
You can roll at nearby foes to attack.
You have a long armoured tail.
You curl defensively after being hit.


Message History

The killer bee stings you but does no damage.
You miss the killer bee.
The killer bee stings you but does no damage.
The killer bee stings you!
* * * LOW HITPOINT WARNING * * *
You feel yourself speed up.
The killer bee stings you but does no damage.
You block the killer bee's attack.
You miss the killer bee.
Your tail-slap misses the killer bee.
The killer bee barely misses you. You block the killer bee's attack.
It was a potion of cancellation.
Your magical effects are unravelling.
You feel magically purged.
You feel yourself slow down. The killer bee stings you.
* * * LOW HITPOINT WARNING * * *
It was a potion of flight.
You feel very buoyant.
You fly up into the air.
The killer bee stings you.
You die...

##.##.#######...##
##'## #..
##.##......#P...P# #.#
#.# ...#########P.>.P#
#.# #.. #### #.#P...P#
##.## ######
#.##PPP####[..##
#.....
#.########.....#
##.####
#.#...........####...#
#.#####y##...........#
#.# #@####.#####...#
#.#####.# #.# #####
#.......# #.# #
######### #.# # #.# #
######### #####.### #
#..†....# #.......# #
#.#####.# #.###.#.# #
#.# #.#####.#
#.#.#########


You could see a killer bee.

Vanquished Creatures
  An orc warrior (D:6)
  A sky beast (D:6)
  Purgy (D:4)
  An ice beast (D:5)
  4 ogres
  4 centaurs
  Blork the orc (D:4)
  3 bullfrogs
  A killer bee (D:7)
  8 wights
  A hound (D:6)
  An orc priest (D:6)
  Crazy Yiuf (D:2)
  9 orc wizards
  Ijyb (D:3)
  3 worker ants
  A hound skeleton (D:8)
  A worker ant zombie (D:5)
  Robin (D:3)
  7 gnolls
  14 adders
  An ufetubus (D:7)
  2 oozes
  An adder skeleton (D:5)
  2 adder zombies
  3 worms (D:2)
  3 dart slugs
  3 leopard geckos
  16 orcs
  4 bats
  6 giant cockroaches
  21 goblins
  10 hobgoblins
  12 jackals
  11 kobolds
  3 quokkas
  3 frilled lizards
  7 rats
173 creatures vanquished.

Vanquished Creatures (others)
  6 plants
6 creatures vanquished.

Grand Total: 179 creatures vanquished

Notes
Turn   | Place    | Note
-------+----------+-------------------------------------------
     0 | D:1      | jlumianski the Palentonga Fighter began the quest for the
                  | Orb.
     0 | D:1      | Reached XP level 1. HP: 20/20 MP: 1/1
    77 | D:1      | Reached XP level 2. HP: 20/27 MP: 2/2
   422 | D:1      | Reached XP level 3. HP: 33/33 MP: 3/3
  1498 | D:2      | Reached skill level 3 in Axes
  1606 | D:2      | Found a runed translucent door.
  1607 | D:2      | Noticed Crazy Yiuf
  1618 | D:2      | Killed Crazy Yiuf
  1619 | D:2      | Reached XP level 4. HP: 40/40 MP: 4/4
  2191 | D:3      | Found a sacrificial altar of Ru.
  2369 | D:3      | Reached XP level 5. HP: 46/48 MP: 5/5
  2436 | D:4      | Noticed Robin
  2438 | D:4      | Noticed an ogre
  2476 | D:3      | Killed an ogre
  2477 | D:3      | Reached skill level 4 in Axes
  2610 | D:3      | Killed Robin
  2611 | D:3      | Reached XP level 6. HP: 49/55 MP: 6/6
  2734 | D:4      | Noticed Purgy
  2746 | D:4      | Killed Purgy
  2829 | D:4      | Noticed Ijyb
  2839 | D:4      | Paralysed by Ijyb for 7 turns
  2850 | D:4      | Paralysed by Ijyb for 2 turns
  2854 | D:3      | Paralysed by Ijyb for 4 turns
  2871 | D:3      | Killed Ijyb
  2872 | D:3      | Reached skill level 1 in Dodging
  3071 | D:3      | Found a transporter.
  3071 | D:3      | Noticed Hehehe's ghost (amateur DDFi)
  3077 | D:3      | Found a transporter.
  3610 | D:4      | Found a shadowy altar of Dithmenos.
  3652 | D:4      | Found a broken altar of Ashenzari.
  3653 | D:4      | Noticed Blork the orc
  4001 | D:4      | Killed Blork the orc
  4002 | D:4      | Reached skill level 5 in Axes
  4002 | D:4      | Gained mutation: You curl defensively after being hit.
                  | [Palentonga growth]
  4002 | D:4      | Reached XP level 7. HP: 25/62 MP: 7/7
  4401 | D:5      | Entered Level 5 of the Dungeon
  5144 | D:5      | Reached XP level 8. HP: 53/69 MP: 8/8
  5293 | D:5      | Reached skill level 6 in Axes
  6010 | D:5      | Reached skill level 5 in Fighting
  6322 | D:6      | Got a masterwork chain mail
  6333 | D:6      | Identified the cursed +0 chain mail of Impatience {-Tele
                  | Int+4 Stlth+} (You found it on level 6 of the Dungeon)
  6383 | D:6      | Found an ancient bone altar of Kikubaaqudgha.
  6536 | D:6      | Reached skill level 5 in Armour
  6648 | D:6      | Reached skill level 5 in Shields
  6736 | D:6      | Found a blossoming altar of Fedhas.
  7057 | D:5      | Reached XP level 9. HP: 53/79 MP: 9/9
  7654 | D:7      | Found a white marble altar of Elyvilon.
  7654 | D:7      | Found a hide-covered altar of Uskayaw.
  7768 | D:6      | Found a staircase to the Ecumenical Temple.
  7778 | Temple   | Entered the Ecumenical Temple
  7859 | Temple   | Became a worshipper of Warmaster Okawaru
  8038 | D:6      | Reached skill level 7 in Axes
  8538 | D:6      | HP: 4/80 [killer bee (3)]
  8546 | D:6      | HP: 1/80 [killer bee (7)]
  8550 | D:6      | Slain by a killer bee

Illustrated notes

Levels and vault maps discovered:
D:1:      dpeg_arrival_shrine, layout_rooms
D:2:      layout_basic, uniq_crazy_yiuf_cottage
D:3:      layout_loops_corners, hangedman_ru_absence, gammafunk_ghost_smash,
          corexii_hall_statues_t, minmay_goblin_outpost
D:4:      layout_cave_pools, lemuel_crystal_altar,
          ashenzari_conservatory_becter, uniq_blork_the_orc, uniq_purgy,
          uniq_ijyb, uniq_robin
D:5:      layout_loops_ring
D:6:      layout_loops_corners, lemuel_coloured_pillars_altar,
          fedhas_ov_isle_minmay, minmay_temple_entry_enclosed_plants
D:7:      corexii_shack_village, layout_loops_ring,
          nicolae_overflow_crystal_walls, gammafunk_temple_overflow_elements,
          grunt_decor_clamped, kennysheep_generic_room_6
D:8:      layout_loops_ring
Temple:   minmay_temple_curvy_branch

Skill      XL: |  1  2  3  4  5  6  7  8  9 |
---------------+----------------------------+-----
Axes           | 3 4 5 6 7 |  7.2
Armour         | 3 4 5 |  5.3
Shields        | 3 4 5 |  5.6
Dodging        | 1 2 |  2.8
Fighting       | 4 5 |  5.6
Maces & Flails | |  0.1
Throwing       | |  0.2
Stealth        | |  0.5

Action                   |  1- 3 |  4- 6 |  7- 9 || total
-------------------------+-------+-------+-------++-------
Melee: War axe           |   102 |   175 |   556 ||   833
       Tailslap          |    14 |    22 |    53 ||    89
       Mace              |       |    15 |       ||    15
Throw: Dart              |     2 |     3 |     5 ||    10
 Abil: Rolling Charge    |    21 |    15 |    22 ||    58
Evoke: Wand              |       |     2 |       ||     2
  Use: Potion            |     1 |     3 |     5 ||     9
       Scroll            |       |     3 |     1 ||     4
Armor: Scale mail        |    47 |   117 |   355 ||   519
       Skin              |       |    16 |     4 ||    20
Dodge: Dodged            |    20 |    46 |   179 ||   245
Block: Kite shield       |    49 |    93 |   319 ||   461
